 Dungeon Crawl Stone Soup version 0.28-a0-224-g76b539d98b (webtiles) character file.

Game seed: 14860287375474316796

805 theanonym the Chopper (level 7, 0/57 HPs)
             Began as a Demonspawn Monk on Aug 21, 2021.
             Was an Elder of Makhleb.
             Succumbed to a scorpion's poison
             ... on level 6 of the Dungeon.
             The game lasted 00:07:39 (6089 turns).

theanonym the Chopper (Demonspawn Monk)             Turns: 6089, Time: 00:07:40

Health: 0/57       AC: 10    Str: 13    XL:     7   Next: 60%
Magic:  7/7        EV:  6    Int: 13    God:    Makhleb [****..]
Gold:   184        SH:  0    Dex: 22    Spells: 6/6 levels left

rFire   . . .      SeeInvis .   g - +0 war axe
rCold   . . .      Faith    .   (no shield)
rNeg    . . .      Spirit   +   b - +0 chain mail
rPois   .          Reflect  .   v - +0 helmet
rElec   .          Harm     .   f - +0 cloak
rCorr   .          Rampage  .   (no gloves)
Will    .....                   (no boots)
Stlth   ..........              e - amulet of regeneration
HPRegen 1.19/turn               h - +6 ring of dexterity
MPRegen 0.20/turn               (no ring)

@: lethally poisoned (0 -> -6)
A: hooves 1, magic shield, magic regeneration, big brain 1
a: Renounce Religion, Minor Destruction, Lesser Servant of Makhleb, Major
Destruction


Innate Abilities, Weirdness & Mutations

You have large cloven feet.
When hurt, damage is shared between your health and your magic reserves.
You regenerate magic rapidly.
You have an unusually large brain. (Int +2)


   Skills:
 + Level 5.7 Fighting
 * Level 7.0 Axes
 - Level 2.6 Dodging
 - Level 1.7 Stealth


You had 6 spell levels left.
You didn't know any spells.
Your spell library contained the following spells:

 Spells                   Type           Power      Damage    Failure   Level
 Iskenderun's Battlesphe  Conj           0%         2d6       100%        5
 Iron Shot                Conj/Erth      0%         9d1       100%        6
 Spellforged Servitor     Conj/Summ      0%         N/A       100%        7

Skill      XL: |  1  2  3  4  5  6  7 |
---------------+----------------------+-----
Axes           | 3 4 5 6 7 |  7.0
Fighting       | 4 5 |  5.7
Dodging        | |  2.6
Stealth        | |  1.7

Action                   |  1- 3 |  4- 6 |  7- 9 || total
-------------------------+-------+-------+-------++-------
Melee: Hand axe          |   172 |   124 |       ||   296
       Kick              |       |    51 |    14 ||    65
       War axe           |       |    59 |    45 ||   104
Evoke: Wand              |       |     3 |     5 ||     8
  Use: Potion            |     3 |       |     4 ||     7
       Scroll            |       |     4 |     3 ||     7
 Stab: Sleeping          |     4 |       |       ||     4
Armor: Robe              |     9 |       |       ||     9
       Ring mail         |    16 |       |       ||    16
       Scale mail        |    24 |    73 |       ||    97
       Chain mail        |       |     9 |    19 ||    28
       Skin              |       |       |     7 ||     7
Dodge: Dodged            |   140 |    75 |    13 ||   228
Block: Other             |       |     4 |       ||     4
       Reflection        |       |     1 |       ||     1

Inventory:

Hand Weapons
 g - a +0 war axe (weapon)
Armour
 b - a +0 chain mail (worn)
 f - a +0 cloak (worn)
 v - a +0 helmet (worn)
Jewellery
 a - an amulet of reflection
 c - a ring of flight
 e - an amulet of regeneration (around neck)
 h - a +6 ring of dexterity (left hand)
Wands
 d - a wand of digging (7)
 o - a wand of polymorph (1)
Scrolls
 i - a scroll of holy word {unknown}
 j - 3 scrolls of enchant armour {unknown}
 k - a scroll of noise {unknown}
 l - a scroll of blinking {unknown}
 m - a scroll of fog {unknown}
 p - 3 scrolls of magic mapping {unknown}
 q - a scroll of silence {unknown}
Potions
 n - 4 potions of brilliance
 s - a potion of cancellation


You were on level 6 of the Dungeon.
You worshipped Makhleb.
Makhleb was greatly pleased with you.
You visited 1 branch of the dungeon, and saw 6 of its levels.

You collected 184 gold pieces.

Dungeon Overview and Level Annotations

Branches:
Dungeon (6/15)             Temple (0/1) D:4

Altars:
Makhleb
Sif Muna
Zin

Annotations:
D:4 1 runed translucent door, sn0wgr3's ghost, amateur MiFi

.)# ..#####
############.
......#
...........#
......+
..........#
......#
.........#
..##..#
........# ###
#........ ..#
#........ ..#
#@s...... ..#
#...........
###
......#########
...... .....
..... .... ##..


You could see a scorpion.

Notes
Turn   | Place    | Note
-------+----------+-------------------------------------------
     0 | D:1      | theanonym the Demonspawn Monk began the quest for the Orb.
     0 | D:1      | Reached XP level 1. HP: 18/18 MP: 1/1
   220 | D:1      | Reached skill level 3 in Axes
   419 | D:1      | Gained mutation: You have an unusually large brain. (Int
                  | +2) [demonic ancestry]
   419 | D:1      | Reached XP level 2. HP: 21/24 MP: 2/2
   489 | D:1      | HP: 10/24 [quokka (3)]
  1627 | D:2      | Gained mutation: You regenerate magic rapidly. [demonic
                  | ancestry]
  1627 | D:2      | Reached XP level 3. HP: 28/29 MP: 3/3
  1999 | D:2      | HP: 9/29 [worm (9)]
  2286 | D:2      | Found a faded altar of an unknown god.
  2295 | D:2      | Became a worshipper of Makhleb the Destroyer
  2295 | D:2      | Reached * piety under Makhleb
  2295 | D:2      | Reached ** piety under Makhleb
  2785 | D:3      | HP: 12/29 [orc priest/divine providence (13)]
  2799 | D:3      | HP: 9/29 [adder (4)]
  2806 | D:3      | HP: 6/29 [kobold (4)]
  2809 | D:2      | Reached *** piety under Makhleb
  2810 | D:2      | HP: 1/30 [adder (3)]
  2816 | D:2      | HP: 13/30 [adder (2)]
  2823 | D:2      | Reached skill level 4 in Axes
  2823 | D:2      | Gained mutation: You have large cloven feet. [demonic
                  | ancestry]
  2823 | D:2      | Reached XP level 4. HP: 31/37 MP: 4/4
  2931 | D:3      | Reached skill level 4 in Fighting
  2940 | D:3      | HP: 17/37 [orc (10)]
  3140 | D:3      | Reached XP level 5. HP: 42/42 MP: 5/5
  3444 | D:3      | Found a shimmering blue altar of Sif Muna.
  3474 | D:3      | HP: 21/42 [something (1)]
  3477 | D:3      | Reached skill level 5 in Axes
  3479 | D:3      | HP: 14/43 [something (1)]
  3485 | D:3      | HP: 10/43 [something (1)]
  3751 | D:4      | Found a staircase to the Ecumenical Temple.
  3783 | D:3      | HP: 18/43 [something/magic dart (9)]
  3988 | D:4      | Reached XP level 6. HP: 43/49 MP: 6/6
  4065 | D:4      | Noticed an angel
  4201 | D:3      | HP: 24/49 [orc wizard/puff of flame (1)]
  4541 | D:4      | Reached **** piety under Makhleb
  4567 | D:4      | Found a runed translucent door.
  4612 | D:4      | Noticed sn0wgr3's ghost (amateur MiFi)
  4679 | D:4      | Reached skill level 5 in Fighting
  4735 | D:4      | Reached skill level 6 in Axes
  4902 | D:5      | Entered Level 5 of the Dungeon
  4973 | D:5      | Noticed a naga
  4973 | D:5      | an ogre changed into a naga
  4978 | D:5      | HP: 23/51 [constriction (5)]
  4983 | D:5      | HP: 17/51 [poisoned by a naga (splash of poison)]
  5420 | D:5      | Gained mutation: When hurt, damage is shared between your
                  | health and your magic reserves. [demonic ancestry]
  5420 | D:5      | Reached XP level 7. HP: 55/56 MP: 7/7
  5527 | D:5      | HP: 39/84 [naga (4)]
  5866 | D:5      | Found a runed translucent door.
  5867 | D:5      | Noticed Crazy Yiuf
  6013 | D:5      | Noticed Crazy Yiuf
  6013 | D:5      | Crazy Yiuf changed into Crazy Yiuf the giant cockroach
  6014 | D:5      | Killed Crazy Yiuf the giant cockroach
  6075 | D:6      | HP: 14/57 [orc warrior (16)]
  6081 | D:6      | Noticed a steam dragon
  6082 | D:6      | a steam dragon changed into a killer bee
  6083 | D:6      | HP: 12/57 [killer bee (6)]
  6087 | D:6      | Reached skill level 7 in Axes
  6087 | D:6      | HP: 5/57 [scorpion (5)]
  6088 | D:6      | HP: 1/57 [scorpion (4)]
  6089 | D:6      | Succumbed to a scorpion's poison

Vanquished Creatures
  A naga (D:5)
  A necrophage (D:4)
  A scorpion (D:5)
  A killer bee (D:6)
  A bullfrog zombie (D:5)
  A hound (D:5)
  4 orc priests
  6 orc wizards (D:3)
  A scorpion zombie (D:5)
  An iguana (D:3)
  3 adders
  2 worms
  A dart slug (D:2)
  17 orcs
  7 ball pythons
  4 bats
  5 endoplasms
  2 giant cockroaches
  5 goblins
  4 hobgoblins
  9 jackals
  3 quokkas
  6 frilled lizards
  13 kobolds
  4 rats
103 creatures vanquished.

Vanquished Creatures (others)
  A fungus (D:2)
  2 plants (D:2)
3 creatures vanquished.

Grand Total: 106 creatures vanquished

Table legend: (Time is in decaauts)
 A = Elapsed time spent in this place.
 B = Non-inter-level travel time spent in this place.
 C = Inter-level travel time spent in this place.
 D = Time resting spent in this place.
 E = Time spent auto-exploring this place.
 F = Levels seen in this place.
 G = Mean time per level.
                   A        B        C        D        E       F      G
               +--------+--------+--------+--------+--------+-----+--------+
         Total |   6158 |   5747 |    411 |   1939 |   2816 |   6 | 1026.3 |
       Dungeon |   6158 |   5747 |    411 |   1939 |   2816 |   6 | 1026.3 |
               +--------+--------+--------+--------+--------+-----+--------+

Top non-repeatable levels by time:
     D:1: 1748 daAuts
     D:3: 1482 daAuts
     D:5: 1109 daAuts
     D:2: 1067 daAuts
     D:4: 721 daAuts
     D:6: 29 daAuts
